 Dungeon Crawl Stone Soup version 0.28.0-53-g5a82cb258f (webtiles) character file.

Game seed: 17173459701181062474

22 Nyth the Insei (level 2, -4/22 HPs)
             Began as a Demigod Transmuter on Aug 8, 2022.
             Slain by an iguana (13 damage)
             ... on level 2 of the Dungeon.
             The game lasted 00:04:33 (1766 turns).

Nyth the Insei (Demigod Transmuter)                 Turns: 1766, Time: 00:04:33

Health: -4/22      AC:  2    Str: 11    XL:     2   Next: 51%
Magic:  4/7        EV: 12    Int: 15    God:
Gold:   32         SH:  0    Dex: 14    Spells: 2/5 levels left

rFire   . . .      SeeInvis .     - Unarmed
rCold   . . .      Faith    .   (no shield)
rNeg    . . .      Spirit   .   a - +0 robe
rPois   .          Reflect  .   (helmet currently unavailable)
rElec   .          Harm     .   (no cloak)
rCorr   .          Rampage  .   (no gloves)
Will    .....                   (boots currently unavailable)
Stlth   +.........              (no amulet)
HPRegen 0.07/turn               (no ring)
MPRegen 0.10/turn               (no ring)

@: appendages (expiring), wereblooded
A: horns 2, talons 2, high MP 1, forlorn, divine attributes
a: End Transformation


You were on level 2 of the Dungeon.
You had temporarily grown beastly horns and talons.
You visited 1 branch of the dungeon, and saw 2 of its levels.

You collected 32 gold pieces.

Inventory:

Armour
 a - a +0 robe (worn)
 g - a +0 helmet
Scrolls
 b - a scroll of acquirement {unknown}
 c - a scroll of magic mapping {unknown}
 d - a scroll of immolation {unknown}
 f - a scroll of fog {unknown}
Potions
 e - a potion of brilliance {unknown}


   Skills:
 + Level 0.8 Fighting
 + Level 1.9 Dodging
 + Level 3.1 Unarmed Combat
 + Level 2.1 Spellcasting
 + Level 2.0 Transmutations


You had 2 spell levels left.
You knew the following spells:

 Your Spells              Type           Power      Damage    Failure   Level
a - Beastly Appendage     Tmut           14%        N/A       10%         1
b - Wereblood             Tmut           7%         N/A       14%         2

Your spell library contained the following spells:

 Spells                   Type           Power      Damage    Failure   Level
 Spider Form              Tmut/Pois      4%         N/A       41%         3
 Ice Form                 Ice/Tmut       4%         N/A       82%         4


Dungeon Overview and Level Annotations

Branches:
Dungeon (2/15)

Shops:
D:1 [([*


Innate Abilities, Weirdness & Mutations

You have temporarily grown beastly horns and talons.
You have an increased reservoir of magic. (+10% MP)
You shall have no god before yourself.
Your divine heritage dramatically boosts your attributes as you level up.


Message History

The worm is lightly wounded.
You howl as the wereblood boils in your veins!
Your primal bloodlust is almost over.
You hear an angry hiss.
The worm barely misses you.
You hit the worm.
The worm is moderately wounded.
You barely miss the worm.
The worm is moderately wounded.
The worm bites you.
Your blood is freshly infused with primal strength!
You hit the worm.
The worm is moderately wounded.
The worm barely misses you.
You barely miss the worm.
The worm is moderately wounded.
You hit the worm. You punch the worm.
The worm is severely wounded.
An iguana comes into view.
The worm bites you.
You grow a pair of large bovine horns.
Your feet morph into talons.
The iguana hisses angrily.
The worm bites you.
You are too injured to fight recklessly!
You are too injured to fight recklessly!
You are too injured to fight recklessly!
You hit the worm.
The worm is heavily wounded.
You hit the worm.
The worm is almost dead.
The iguana closely misses you. The worm closely misses you.
You hit the worm.
The worm is almost dead.
Your transformation is almost over.
The iguana closely misses you.
You hit the worm.
You feel a bit better.
You kill the worm!
The iguana bites you!
Ouch! That really hurt!
You die...

... ...( .. ....
.. .....
.###.....
$....... #....#
##l..# ##†@#
#..## #.## #.#
#####.#####.
#.##........#
#...........#
####...†.#####..
#........<....


You could see an iguana.

Vanquished Creatures
  A worm (D:2)
  A giant cockroach (D:1)
  2 hobgoblins (D:1)
  3 kobolds
  3 quokkas (D:1)
  4 ball pythons
  3 bats (D:1)
  4 frilled lizards
  2 goblins (D:1)
  A rat (D:1)
24 creatures vanquished.

Notes
Turn   | Place    | Note
-------+----------+-------------------------------------------
     0 | D:1      | Nyth the Demigod Transmuter began the quest for the Orb.
     0 | D:1      | Reached XP level 1. HP: 15/15 MP: 5/5
   154 | D:1      | Found Vefoemiv's Armour Shoppe.
   492 | D:1      | Reached skill level 3 in Unarmed Combat
   670 | D:1      | Reached XP level 2. HP: 16/22 MP: 5/7
  1219 | D:1      | Found Usimem's Armour Boutique.
  1226 | D:1      | Found Sual's Assorted Antiques.
  1639 | D:1      | Found Atuic's Weapon Shop.
  1707 | D:2      | Learned a level 2 spell: Wereblood
  1766 | D:2      | Slain by an iguana

Illustrated notes

Levels and vault maps discovered:
D:1:      minmay_arrival_cross, layout_basic, nicolae_ecumenical_snake_handling,
          serial_shops, shop, nicolae_shop_behind_doors, shop,
          nicolae_shop_stone, dk_noncrumbling_3, minmay_misc_feat_columns
D:2:      layout_rooms, serial_shops, nicolae_shop_trees, shop, basic_altar,
          kennysheep_generic_room_7, uniq_terence

Skill      XL: |  1  2 |
---------------+-------+-----
Unarmed Combat | 3 |  3.1
Spellcasting   | 2 |  2.1
Transmutations | 2 |  2.0
Fighting       | |  0.8
Dodging        | |  1.9

Action                   || total
-------------------------++-------
Melee: Unarmed           ||    71
       Kick              ||     8
       Headbutt          ||     3
       Punch             ||     2
 Cast: Beastly Appendage ||    16
       Wereblood         ||     2
Armor: Robe              ||    20
Dodge: Dodged            ||    57
